 Dungeon Crawl Stone Soup version 0.28-a0-863-g8cecda6153 (webtiles) character file.

Game seed: 14848814581469949008

149 murtidash the Gusty (level 5, -14/43 HPs)
             Began as a Tengu Air Elementalist on Nov 19, 2021.
             Killed from afar by a steam dragon (18 damage)
             ... with a ball of steam
             ... on level 3 of the Dungeon.
             The game lasted 00:07:50 (3122 turns).

murtidash the Gusty (Tengu Air Elementalist)        Turns: 3122, Time: 00:07:51

Health: -14/43     AC: 22    Str:  9    XL:     5   Next: 31%
Magic:  9/9        EV:  2    Int: 16    God:
Gold:   118        SH:  0    Dex: 14    Spells: 4/8 levels left

rFire   . . .      SeeInvis .   e - +0 mace (protect)
rCold   . . .      Faith    .   (no shield)
rNeg    . . .      Spirit   .   (armour currently unavailable)
rPois   +          Reflect  .   (helmet currently unavailable)
rElec   .          Harm     .   (cloak currently unavailable)
rCorr   .          Rampage  .   (gloves currently unavailable)
Will    .....      NoTele   +   (boots unavailable)
Stlth   ++........              (no amulet)
HPRegen 0.14/turn               (no ring)
MPRegen 0.11/turn               (no ring)

@: brilliant, tree-form
A: stationary, stasis, torment immunity, boosted hp, (beak), (talons 3), nimble
flight
a: no special abilities


You were on level 3 of the Dungeon.
You were a tree.
You visited 1 branch of the dungeon, and saw 3 of its levels.

You collected 118 gold pieces.

Inventory:

Hand Weapons
 b - a +0 spear
   (You found it on level 1 of the Dungeon)
 e - a +0 mace of protection (weapon)
   (You found it on level 1 of the Dungeon)
 l - a +2 hand axe of flaming
   (You found it on level 2 of the Dungeon)
Armour
 a - a +1 robe (melded)
Scrolls
 c - a scroll of noise {unknown}
 d - a scroll of identify {@r1}
 h - 3 scrolls of enchant armour
 i - a scroll of amnesia
 m - a scroll of acquirement {unknown}
 o - a scroll of enchant weapon {unknown}
Potions
 j - a potion of heal wounds {unknown}


   Skills:
 - Level 1.0 Fighting
 - Level 2.1 Dodging
 - Level 2.0 Stealth
 - Level 2.0 Spellcasting
 - Level 5.1 Conjurations
 + Level 5.5 Air Magic


You had 4 spell levels left.
You knew the following spells:

 Your Spells              Type           Power      Damage    Failure   Level
s - Swiftness             Air            28%        N/A       6%          3
Z - Shock                 Conj/Air       100%       1d9       2%          1

Your spell library contained the following spells:

 Spells                   Type           Power      Damage    Failure   Level
 Static Discharge         Conj/Air       28%        N/A       3%          2
 Airstrike                Air            14%        N/A       22%         4
 Sublimation of Blood     Necr           2%         N/A       30%         2
 Wereblood                Tmut           2%         N/A       30%         2
 Gell's Gravitas          Tloc           2%         N/A       52%         3
 Ozocubu's Armour         Ice            2%         N/A       52%         3
 Teleport Other           Tloc           2%         N/A       52%         3
 Alistair's Intoxication  Tmut/Pois      1%         N/A       99%         5
 Borgnjor's Vile Clutch   Necr/Erth      1%         N/A       99%         5
 Metabolic Englaciation   Hex/Ice        1%         N/A       99%         5
 Dispersal                Tloc           1%         N/A       100%        6
 Eringya's Noxious Bog    Tmut/Pois      1%         N/A       100%        6
 Simulacrum               Ice/Necr       1%         N/A       100%        6
 Summon Hydra             Summ           1%         N/A       100%        7


Dungeon Overview and Level Annotations

Branches:
Dungeon (3/15)

Altars:


Innate Abilities, Weirdness & Mutations

You are a tree.
Your roots penetrate the ground, keeping you stationary.
You cannot be teleported.
You are immune to unholy pain and torment.
Your maximum health is greatly increased.
Your equipment is partially melded.
((You have a beak for a mouth.))
((You have claws for feet.))
Your magical nature lets you fly swiftly and evasively.


Message History

You now have 5/9 mp.
Aim: an adder (moderately wounded, 53% to hit)
The zap hits the adder.
The adder bites you but does no damage.
You now have 4/9 mp.
Aim: an adder (severely wounded, 53% to hit)
The zap misses the adder.
The adder bites you.
You take 2 damage, and have 27/29 hp.
You now have 3/9 mp.
Aim: an adder (severely wounded, 53% to hit)
The zap hits the adder.
The adder closely misses you. The adder barely misses you.
You now have 2/9 mp.
Aim: an adder (almost dead, 53% to hit)
The zap hits the adder.
You kill the adder!
You now have 1/9 mp.
You can't see any susceptible monsters within range! (Use Z to cast anyway.)
You can't see any susceptible monsters within range! (Use Z to cast anyway.)
d - 2 scrolls labelled ISUHIA QIJUVU (gained 1)
You reach down and open the door.
There is an open door here.
A quokka comes into view.
Health restored: 29; MP restored: 9
Aim: a quokka (60% to hit)
The zap hits the quokka.
You now have 8/9 mp.
Aim: a quokka (almost dead, 60% to hit)
The zap misses the quokka.
You now have 7/9 mp.
Aim: a quokka (almost dead, 60% to hit)
The zap hits the quokka.
You kill the quokka!
You now have 6/9 mp.
You can't see any susceptible monsters within range! (Use Z to cast anyway.)
You can't see any susceptible monsters within range! (Use Z to cast anyway.)
You can't see any susceptible monsters within range! (Use Z to cast anyway.)
You now have 118 gold pieces (gained 8).
o - a scroll labelled CAZELA LALO MP restored: 9
There is an open door here.
There is a stone staircase leading down here.
There is a stone staircase leading down here.
As you open the door, it creaks loudly!
There is an open door here.
A steam dragon comes into view.
Unknown command.
As you read the scroll labelled URUBOA MEW ALAUR, it crumbles to dust.
It is a scroll of enchant armour.
Your +0 robe glows green for a moment.
As you read the scroll labelled MOASSO XOEGADI, it crumbles to dust.
It is a scroll of amnesia.
Really abort (and waste the scroll)? [Y]es or [N]o only, please.
Really abort (and waste the scroll)? [Y]es or [N]o only, please.
Really abort (and waste the scroll)?
Okay, then.
As you read the scroll labelled ISUHIA QIJUVU, it crumbles to dust.
It is a scroll of identify.
f - 2 potions of degeneration Drop what? 15/52 slots (_ for help) (? for menu, Esc to quit)
You drop 2 potions of degeneration {!q}.
The steam dragon hisses angrily.
You see here 2 potions of degeneration {!q}.
You start waiting.
A steam dragon is nearby!
Aim: a steam dragon (71% to hit)
The zap hits the steam dragon.
You now have 8/9 mp.
Aim: a steam dragon (lightly wounded, 71% to hit)
The zap hits the steam dragon but does no damage.
You now have 7/9 mp.
Aim: a steam dragon (lightly wounded, 71% to hit)
The zap hits the steam dragon but does no damage.
You now have 6/9 mp.
Aim: a steam dragon (lightly wounded, 71% to hit)
The zap hits the steam dragon.
The steam dragon breathes steam at you. The ball of steam hits you!
Ouch! That really hurt!
You take 15 damage, and have 14/29 hp.
MASSIVE DAMAGE!!
You now have 5/9 mp.
The steam dragon breathes steam at you. The ball of steam hits you.
* * * LOW HITPOINT WARNING * * *
You take 6 damage, and have 8/29 hp.
MASSIVE DAMAGE!!
Okay, then.
Unknown command.
It was a potion of brilliance.
You feel clever all of a sudden.
You are engulfed in a cloud of scalding steam.
* * * LOW HITPOINT WARNING * * *
The steam dragon closely misses you. x2
You take 6 damage, and have 2/29 hp.
MASSIVE DAMAGE!!
You see here a +0 flail.
It was a potion of magic.
Magic courses through your body.
MP restored: 9 It was a potion of lignification.
You turn into a tree.
Your +1 robe melds into your body.
Your roots penetrate the ground.
The steam dragon breathes steam at you. The ball of steam hits you!!
You die...

###
#.######.#.#.####.##.###.....
..# #.######.#.#.# #.##.#
#..... ..###.#......#.#.##
#.##.########
.....>........)...#
#...[.......#
..###.#......#.#..#
####.######.# ..#
#.#......#.#..## #.# #.# ..#
#.#...........§# #.# #.# ..#
#.#......#.#.#.# #.# #.# ..#
#.#..(.....)♣D.## #.# #.#
#####.......#.#.#...# #.# #..
#.........#.....##.# #.# ###
#.....)...#.#.#.##!# ... #
#.....#####.....##.# #
#...).# #...#.##..# # #.....#
#.#.#.###.# # #.....# #.#.#.#
.. #### #.....# #.#.#.# #.#
#...


You could see a steam dragon (catching breath).

Vanquished Creatures
  An orc priest (D:3)
  An orc wizard (D:3)
  2 adders (D:3)
  A worm (D:3)
  3 dart slugs
  5 orcs (D:3)
  7 ball pythons
  5 endoplasms
  4 giant cockroaches
  3 goblins
  2 hobgoblins
  4 jackals (D:1)
  2 quokkas
  9 bats
  3 frilled lizards (D:1)
  2 kobolds
  9 rats
63 creatures vanquished.

Notes
Turn   | Place    | Note
-------+----------+-------------------------------------------
     0 | D:1      | murtidash the Tengu Air Elementalist began the quest for
                  | the Orb.
     0 | D:1      | Reached XP level 1. HP: 10/10 MP: 4/4
   152 | D:1      | Reached skill level 2 in Conjurations
   181 | D:1      | Reached XP level 2. HP: 16/16 MP: 3/6
   488 | D:1      | Reached skill level 1 in Fighting
   546 | D:1      | Reached XP level 3. HP: 20/20 MP: 4/7
   594 | D:1      | Learned a level 3 spell: Swiftness
   601 | D:1      | Reached skill level 3 in Conjurations
  1129 | D:1      | Found a faded altar of an unknown god.
  2094 | D:3      | Reached skill level 4 in Conjurations
  2094 | D:3      | Reached XP level 4. HP: 22/25 MP: 0/8
  2551 | D:3      | Reached skill level 5 in Air Magic
  2593 | D:3      | Reached skill level 5 in Conjurations
  2593 | D:3      | Gained mutation: Your magical nature lets you fly swiftly
                  | and evasively. [Tengu growth]
  2593 | D:3      | Reached XP level 5. HP: 20/29 MP: 1/9
  3101 | D:3      | Noticed a steam dragon
  3119 | D:3      | HP: 2/29 [steam dragon] (6)]
  3122 | D:3      | Killed from afar by a steam dragon

Illustrated notes

Levels and vault maps discovered:
D:1:      psy_arrival_terrarium, layout_basic,
          shapermc_ecumenical_altar_mp_ritualfount
D:2:      layout_basic, kennysheep_generic_room_4
D:3:      layout_basic, hex_tiny

Skill      XL: |  1  2  3  4 |
---------------+-------------+-----
Conjurations   | 2 4 5 |  5.1
Fighting       | 1 |  1.0
Air Magic      | 5 |  5.5
Dodging        | |  2.1
Stealth        | |  2.0
Spellcasting   | |  2.0

Action                   |  1- 3 |  4- 6 || total
-------------------------+-------+-------++-------
Melee: Mace              |     2 |       ||     2
 Cast: Shock             |    93 |    52 ||   145
  Use: Scroll            |       |     3 ||     3
       Potion            |       |     3 ||     3
Armor: Robe              |     2 |     1 ||     3
Dodge: Dodged            |    19 |     4 ||    23

Table legend: (Time is in decaauts)
 A = Elapsed time spent in this place.
 B = Non-inter-level travel time spent in this place.
 C = Inter-level travel time spent in this place.
 D = Time resting spent in this place.
 E = Time spent auto-exploring this place.
 F = Levels seen in this place.
 G = Mean time per level.
                   A        B        C        D        E       F      G
               +--------+--------+--------+--------+--------+-----+--------+
         Total |   3101 |   3041 |     60 |     41 |   2641 |   3 | 1033.7 |
       Dungeon |   3101 |   3041 |     60 |     41 |   2641 |   3 | 1033.7 |
               +--------+--------+--------+--------+--------+-----+--------+

Top non-repeatable levels by time:
     D:1: 1096 daAuts
     D:3: 1045 daAuts
     D:2: 958 daAuts

Table legend:
 A = Kills in this place as a percentage of kills in entire the game.
 B = Kills by you in this place as a percentage of kills by you in the entire game.
 C = Kills by friends in this place as a percentage of kills by friends in the entire game.
 D = Other kills in this place as a percentage of other kills in the entire game.
 E = Experience gained in this place as a percentage of experience gained in the entire game.
 F = Experience gained in this place divided by the number of levels of this place that you have seen.
                   A       B       C       D       E      F
               +-------+-------+-------+-------+-------+----------------------
         Total | 100.0 | 100.0 |   N/A |   N/A | 100.0 |  71.3
       Dungeon | 100.0 | 100.0 |   N/A |   N/A | 100.0 |  71.3
               +-------+-------+-------+-------+-------+----------------------
